General information
- name: BNet
- type: Ladder 1vs1/FFA
- host: Battle.net
- saver: Ghocher
map: TwistedMeadows
- players: 2
- length: 15:06
- speed: Fast
- version: 1.24 W3XP
- replay type: Public
» download(46 KB)
Players
team 1 (winner)
Ghocher (
pink | 70 APM | 1058 actions | 15:06)
3 Blademaster
2 Wind Walk
1 Critical Strike
4 Shadow Hunter
2 Healing Wave
2 Hex
» actions
| Assign group hotkey | 20 | |
| Basic commands | 57 | |
| Build / train | 53 | |
| Enter build submenu | 17 | |
| Enter hero's abilities submenu | 7 | |
| Remove unit from queue | 2 | |
| Right click | 407 | |
| Select / deselect | 226 | |
| Select group hotkey | 204 | |
| Use ability | 65 | |
1058 total
» units
| Peon | 8 | |
| Grunt | 4 | |
| Raider | 3 | |
| Spirit Walker | 2 | |
| Troll Witch Doctor | 2 | |
| Shaman | 2 | |
21 total
» upgrades
| Berserker Strength | 1 | |
| Ensnare | 1 | |
| Armor | 2 | |
| Shaman Training | 1 | |
| Witch Doctor Training | 1 | |
| Melee Weapons | 1 | |
7 total
» buildings
| Altar of Storms | 1 | |
| Orc Burrow | 5 | |
| Barracks | 1 | |
| Voodoo Lounge | 1 | |
| Stronghold | 1 | |
| Beastiary | 1 | |
| War Mill | 1 | |
| Spirit Lodge | 2 | |
| Fortress | 1 | |
| Great Hall | 1 | |
15 total
» build order
00:04 Altar of Storms
00:15 Orc Burrow
00:38 Barracks
01:44 Voodoo Lounge
02:03 Orc Burrow
03:27 Stronghold
04:19 Orc Burrow
05:53 Beastiary
06:21 War Mill
06:52 Spirit Lodge
08:19 Spirit Lodge
08:50 Orc Burrow
11:44 Orc Burrow
12:47 Fortress
13:01 Great Hall
» items
| Healing Salve | 3 | |
| Lesser Clarity Potion | 8 | |
| Boots of Speed | 1 | |
12 total
team 2 (loser)
patapouf (
red | 60 APM | 901 actions | 15:05)
3 Archmage
2 Summon Water Elemental
1 Brilliance Aura
» actions
| Assign group hotkey | 25 | |
| Basic commands | 43 | |
| Build / train | 46 | |
| Enter build submenu | 21 | |
| Enter hero's abilities submenu | 3 | |
| Right click | 485 | |
| Select / deselect | 206 | |
| Select group hotkey | 26 | |
| Use ability | 46 | |
901 total
» units
| Peasant | 20 | |
| Footman | 10 | |
| Rifleman | 5 | |
35 total
» upgrades
| Swords | 2 | |
| Lumber Harvesting | 1 | |
| Long Rifles | 1 | |
4 total
» buildings
| Altar of Kings | 1 | |
| Barracks | 2 | |
| Farm | 7 | |
| Lumber Mill | 1 | |
| Scout Tower | 4 | |
| Guard Tower | 2 | |
| Blacksmith | 2 | |
| Arcane Vault | 1 | |
| Keep | 1 | |
21 total
» build order
00:04 Altar of Kings
00:07 Barracks
00:30 Farm
01:11 Farm
01:41 Lumber Mill
02:31 Farm
04:41 Farm
05:06 Scout Tower
05:10 Scout Tower
06:03 Guard Tower
06:29 Farm
07:09 Blacksmith
07:54 Blacksmith
08:17 Arcane Vault
09:29 Keep
12:13 Barracks
13:55 Farm
13:57 Farm
14:00 Scout Tower
14:05 Scout Tower
14:31 Guard Tower
Chat log
(02:08 / All) patapouf: hello orc
(02:11 / All) Ghocher: howdy
(03:41 / All) patapouf: sdpfh;g<pas
(03:49 / All) Ghocher: k
(07:34 / All) patapouf: it sucks
(07:40 / All) Ghocher: what does?
(09:53 / All) patapouf: ooo he disapear
(10:00 / All) Ghocher: cool, huh?
(10:07 / All) patapouf: likle a fucking faggot
(14:41 / All) patapouf: oh the suckers here